 Dungeon Crawl Stone Soup version 0.28-a0-2-g643f2454ad (webtiles) character file.

Game seed: 7203855845156270506

11 Mitsuki the Shield-Bearer (level 2, -1/25 (27) HPs)
             Began as a Minotaur Fighter on July 22, 2021.
             Slain by a goblin (2 damage)
             ... on level 1 of the Dungeon.
             The game lasted 00:00:28 (35 turns).

Mitsuki the Shield-Bearer (Minotaur Fighter)          Turns: 35, Time: 00:00:29

HP:   -1/25 (27)    AC:  7    Str: 20    XL:     2   Next: 13%
MP:   1/1           EV:  7    Int:  5    God:
Gold: 0             SH:  9    Dex:  9    Spells: 1/1 levels left

rFire   . . .      SeeInvis .   a - +0 long sword
rCold   . . .      Faith    .   c - +0 kite shield
rNeg    . . .      Spirit   .   b - +0 scale mail
rPois   .          Reflect  .   (helmet restricted)
rElec   .          Harm     .   (no cloak)
rCorr   .          Rampage  .   (no gloves)
Will    .....                   (no boots)
Stlth   ..........              (no amulet)
HPRegen 0.08/turn               (no ring)
MPRegen 0.07/turn               (no ring)

@: drained
A: horns 2, retaliatory headbutt
a: no special abilities


You were on level 1 of the Dungeon.
You visited 1 branch of the dungeon, and saw 1 of its levels.

Inventory:

Hand Weapons
 a - a +0 long sword (weapon)
Armour
 b - a +0 scale mail (worn)
 c - a +0 kite shield (worn)
Potions
 d - a potion of might


   Skills:
 + Level 3.8 Fighting
 + Level 2.7 Long Blades
 + Level 3.8 Armour
 + Level 3.9 Shields


You had one spell level left.
You didn't know any spells.
Your spell library was empty.

Dungeon Overview and Level Annotations

Branches:
Dungeon (1/15)

Altars:


Innate Abilities, Weirdness & Mutations

You have a pair of horns on your head.
You reflexively headbutt those who attack you in melee.


Message History

The gnoll is heavily wounded.
The gnoll hits you with a +0 flail!
You take 8 damage, and have 18/27 hp.
MASSIVE DAMAGE!!
You closely miss the gnoll.
The gnoll is heavily wounded.
The gnoll hits you with a +0 flail. You block the gnoll's attack.
You take 2 damage, and have 16/27 hp.
You closely miss the gnoll.
The gnoll is heavily wounded.
The gnoll hits you with a +0 flail.
You take 3 damage, and have 13/27 hp.
You are too injured to fight recklessly!
You are too injured to fight recklessly!
You hit the gnoll.
The gnoll is severely wounded.
You block the gnoll's attack. The goblin barely misses you.
The gnoll hits you with a +0 flail.
The goblin hits you with a +0 dagger of draining.
You feel drained.
You take 4 damage, and have 9/26 hp.
You hit the gnoll.
The gnoll is severely wounded.
The gnoll hits you with a +0 flail.
* * * LOW HITPOINT WARNING * * *
You block the goblin's attack.
You take 5 damage, and have 4/26 hp.
Your shield prevents you from hitting the gnoll.
Your headbutt misses the gnoll.
The gnoll is severely wounded.
You block the gnoll's attack. You block the goblin's attack.
The gnoll hits you with a +0 flail.
* * * LOW HITPOINT WARNING * * *
The goblin hits you with a +0 dagger of draining.
* * * LOW HITPOINT WARNING * * *
You feel drained.
You take 3 damage, and have 1/25 hp.
You hit the gnoll.
You kill the gnoll!
The goblin hits you with a +0 dagger of draining.
You die...

######## #.......
##....... ####........
###...........
###########.....#.##†###
......)@)...#####.##.#
......g.....# ###.#..##
..........[..#........#
.............#...####'##
...[.............#......
.>............#..#.8.8.8
.............##..#......
.............# +.8.<.8
#......


You could see a goblin.

Vanquished Creatures
  2 gnolls (D:1)
  A hobgoblin (D:1)
  A frilled lizard (D:1)
4 creatures vanquished.

Notes
Turn   | Place    | Note
-------+----------+-------------------------------------------
     0 | D:1      | Mitsuki the Minotaur Fighter began the quest for the Orb.
     0 | D:1      | Reached XP level 1. HP: 19/19 MP: 0/0
    27 | D:1      | Reached XP level 2. HP: 26/27 MP: 1/1
    34 | D:1      | HP: 1/26 [goblin (1)]
    35 | D:1      | Slain by a goblin

Illustrated notes

Levels and vault maps discovered:
D:1:      doesnt_arrival_eight_statues, layout_rooms, basic_ecumenical_altar

Action                   || total
-------------------------++-------
Melee: Long sword        ||    13
Armor: Scale mail        ||     4
Dodge: Dodged            ||     5
Block: Kite shield       ||     5
       Rpst.: Long sword ||     2

Table legend: (Time is in decaauts)
 A = Elapsed time spent in this place.
 B = Non-inter-level travel time spent in this place.
 C = Inter-level travel time spent in this place.
 D = Time resting spent in this place.
 E = Time spent auto-exploring this place.
 F = Levels seen in this place.
 G = Mean time per level.
                   A        B        C        D        E       F      G
               +--------+--------+--------+--------+--------+-----+--------+
         Total |     40 |     40 |      0 |      0 |     10 |   1 |   40.0 |
       Dungeon |     40 |     40 |      0 |      0 |     10 |   1 |   40.0 |
               +--------+--------+--------+--------+--------+-----+--------+

Top non-repeatable levels by time:
     D:1: 40 daAuts
